 Dungeon Crawl Stone Soup version 0.25-a0-294-gea9b1ad378 (webtiles) character file.

Game seed: 16118150896915005069, levelgen mode: deterministic

257 Error4North the Shield-Bearer (level 6, -1/53 HPs)
             Began as a Hill Orc Fighter on Dec 19, 2019.
             Slain by Grinder (2 damage)
             ... on level 3 of the Dungeon.
             The game lasted 00:08:43 (2457 turns).

Error4North the Shield-Bearer (Hill Orc Fighter)    Turns: 2457, Time: 00:08:44

Health: -1/53      AC:  9    Str: 26    XL:     6   Next: 16%
Magic:  8/8        EV:  9    Int:  8    God:
Gold:   134        SH: 10    Dex: 10    Spells: 8/8 levels left

rFire    . . .     SeeInvis .   a - +0 war axe
rCold    . . .     Gourm    .   c - +0 shield
rNeg     . . .     Faith    .   j - +2 ring mail {MR+}
rPois    .         Spirit   .   (no helmet)
rElec    .         Reflect  .   (no cloak)
rCorr    .         Harm     .   (no gloves)
MR       +....                  m - +0 pair of boots
Stlth    ..........             (no amulet)
HPRegen  0.17/turn              (no ring)
MPRegen  0.11/turn              (no ring)

@: mighty, lethally poisoned (-1 -> -2), invisible
A: no striking features
a: no special abilities


You were on level 3 of the Dungeon.
You were hungry.

You visited 1 branch of the dungeon, and saw 3 of its levels.

You collected 134 gold pieces.

Inventory:

Hand Weapons
 a - a +0 war axe (weapon)
Missiles
 b - 43 stones (quivered)
Armour
 c - a +0 shield (worn)
 j - a +2 ring mail of magic resistance (worn)
 m - a +0 pair of boots (worn)
Jewellery
 n - a cursed -3 ring of intelligence {unknown}
 q - a cursed ring of attention {unknown}
 x - an uncursed amulet of harm
Wands
 t - a wand of random effects (22)
Scrolls
 e - a scroll of noise {unknown}
 i - 2 scrolls of amnesia {unknown}
 k - 6 scrolls of identify {unknown}
 l - 2 scrolls of teleportation {unknown}
 o - a scroll of immolation {unknown}
 r - a scroll of fog {unknown}
 s - a scroll of magic mapping {unknown}
Potions
 h - a potion of ambrosia {unknown}
 p - a potion of agility {unknown}
 v - a potion of berserk rage {unknown}
 w - 2 potions of curing {unknown}
Comestibles
 f - 4 rations
 u - 8 chunks of flesh


   Skills:
 + Level 4.3 Fighting
 + Level 4.6 Axes
 + Level 3.9 Armour
 + Level 0.7 Dodging
 * Level 4.7 Shields
 * Level 1.7 Spellcasting


You had 8 spell levels left.
You didn't know any spells.
Your spell library was empty.

Dungeon Overview and Level Annotations

Branches:
Dungeon (3/15)

Altars:

Annotations:
D:3 Grinder


Message History

The adder barely misses you. Grinder hits you.
You writhe in agony.
You block the adder's attack.
Your shield and ring mail prevent you from hitting the adder.
You hit Grinder.
You feel sick. Grinder hits you!
* * * LOW HITPOINT WARNING * * *
You writhe in agony.
* * * LOW HITPOINT WARNING * * *
You block the adder's attack.
You closely miss the adder. You closely miss Grinder.
The adder bites you but does no damage. Grinder gestures at you.
You resist with almost no effort. The adder bites you but does no damage.
Grinder gestures at you. You resist with almost no effort.
It was a potion of invisibility.
You fade into invisibility!
You feel sick. The adder barely misses you. Grinder hits you.
* * * LOW HITPOINT WARNING * * *
You writhe in agony.
You die...

......######.#########.#
#.............)(..(...#
#...........###########
#......................
#......................
#%.....................
#......................
#......5...............
#....[@S....##########.
#...........# ##
#...........#
#...........#
#############


You could see Grinder and an adder.

Vanquished Creatures
  Jessica (D:3)
  Ijyb (D:3)
  6 gnolls (D:2)
  7 adders (D:2)
  An ooze (D:3)
  A worm (D:2)
  4 dart slugs
  2 leopard geckos
  An orc (D:3)
  3 giant cockroaches
  2 goblins
  5 hobgoblins
  13 jackals
  A ball python (D:3)
  7 bats
  9 frilled lizards
  6 kobolds
  6 rats
76 creatures vanquished.

Notes
Turn   | Place    | Note
-------+----------+-------------------------------------------
     0 | D:1      | Error4North the Hill Orc Fighter began the quest for the
                  | Orb.
     0 | D:1      | Reached XP level 1. HP: 19/19 MP: 1/1
   155 | D:1      | Reached XP level 2. HP: 22/27 MP: 2/2
   344 | D:1      | Reached XP level 3. HP: 30/33 MP: 3/3
   951 | D:2      | Reached XP level 4. HP: 30/40 MP: 4/4
  1545 | D:2      | Reached skill level 1 in Spellcasting
  1545 | D:2      | Reached XP level 5. HP: 22/46 MP: 6/6
  2239 | D:3      | Noticed Ijyb
  2250 | D:3      | Killed Ijyb
  2339 | D:3      | Reached XP level 6. HP: 48/52 MP: 8/8
  2384 | D:3      | Noticed Grinder
  2396 | D:3      | Paralysed by Grinder for 7 turns
  2409 | D:3      | Noticed Jessica
  2447 | D:3      | Killed Jessica
  2457 | D:3      | HP: 1/53 [Grinder (6)]
  2457 | D:3      | Slain by Grinder

Levels and vault maps discovered:
D:1:      wander_arrival_peaceful_grave, layout_loops_cross, minmay_lizard_pond
D:2:      layout_loops_corners, corner_web_ring
D:3:      layout_basic, first_ration, portal_sewer_entry_f, uniq_natasha,
          uniq_ijyb, uniq_grinder, uniq_jessica

Skill      XL: |  1  2  3  4 |
---------------+-------------+-----
Axes           | 3 4 |  4.6
Fighting       | 4 |  4.3
Shields        | 4 |  4.7
Spellcasting   | 1 |  1.7
Armour         | |  3.9
Dodging        | |  0.7

Action                   |  1- 3 |  4- 6 || total
-------------------------+-------+-------++-------
Melee: War axe           |   146 |   149 ||   295
  Use: Potion            |       |     2 ||     2
  Eat: Chunk             |       |     5 ||     5
Armor: Scale mail        |    38 |       ||    38
       Ring mail         |    37 |    72 ||   109
Dodge: Dodged            |    56 |    74 ||   130
Block: Shield            |    86 |   102 ||   188

Table legend:
 A = Non-vault XP
 B = Vault XP
 C = Vault XP percentage of total XP
 D = Non-vault monster count
 E = Vault monster count
 F = Vault count percentage of total count
                 A         B        C        D         E       F
            +---------+---------+-------+---------+---------+-------
      Total |     287 |      81 |  22.0 |      66 |      10 |  13.2
            +---------+---------+-------+---------+---------+-------
        D:1 |      40 |       8 |  16.7 |      20 |       8 |  28.6
        D:2 |     217 |       0 |   0.0 |      34 |       0 |   0.0
        D:3 |      30 |      73 |  70.9 |      12 |       2 |  14.3
            +---------+---------+-------+---------+---------+-------
